Construct Infanterie Kompanie
Construct Luftwaffe Kompanie
Selects Mechanized Battlegroup
Selects Mobile Repair Stations
Flak 30 Anti-aircraft Gun Team
Construct Panzergrenadier Kompanie
Pak 40 Anti-tank Gun Team
Selects Wespe Self-propelled Artillery
Wespe Self-propelled Artillery
Selects 8 Rad Armored Car
Infanterie Officer Quarters
Wespe Self-propelled Artillery
Selects Zeroing Artillery Barrage
Zeroing Artillery Barrage
Wespe Self-propelled Artillery